 Dungeon Crawl Stone Soup version 0.18.1-8-gdd0e5ea (webtiles) character file.

109 Freeplumber the Stinger (level 4, -4/31 HPs)
             Began as a Demonspawn Venom Mage on June 10, 2016.
             Was a Follower of Cheibriados.
             Slain by Sagrath01's ghost (8 damage)
             ... on level 3 of the Dungeon.
             The game lasted 00:17:27 (1590 turns).

Freeplumber the Stinger (Demonspawn Venom Mage)     Turns: 1590, Time: 00:17:28

Health: -4/31      AC:  4    Str: 12    XL:     4   Next: 59%
Magic:  0/7        EV: 13    Int: 18    God:    Cheibriados [*.....]
Gold:   160        SH:  0    Dex: 15    Spells: 3 memorised, 1 level left

rFire  . . .     SeeInvis .     g - +1 club
rCold  . . .     Gourm    .     e - +0 robe
rNeg   . . .     Faith    .     (no shield)
rPois  .         Spirit   +     (no helmet)
rElec  .         Dismiss  .     (no cloak)
rCorr  .         Reflect  .     (no gloves)
SustAt .         Harm     .     q - +1 pair of boots
MR     .....                    (no amulet)
Stlth  ++........               (no ring)
                                (no ring)

@: about to teleport, slowed, very slow, not resistant to hostile enchantments,
unstealthy
A: powered by death 1, magic shield
a: Bend Time, Renounce Religion


You were on level 3 of the Dungeon.
You worshipped Cheibriados.
Cheibriados was aware of your devotion.
You were not hungry.

You visited 1 branch of the dungeon, and saw 4 of its levels.

You collected 160 gold pieces.

Inventory:

Hand Weapons
 d - a +0 dagger
 g - a +1 club (weapon)
Missiles
 n - 10 tomahawks (quivered)
 t - 11 poisoned needles
Armour
 a - a +0 robe
 e - a +0 robe (worn)
 f - a +0 robe
 l - a +0 pair of boots
 q - a +1 pair of boots (worn)
Jewellery
 k - an uncursed ring of protection from cold
Scrolls
 h - 2 scrolls of identify
 p - a scroll of recharging
 r - a scroll of random uselessness
 s - a scroll of amnesia
Potions
 i - a potion of curing
Books
 b - a Young Poisoner's Handbook

   Spells                             Type                      Level
   a - Sting                          Conjuration/Poison           1
   b - Cure Poison                    Poison                       2
   c - Mephitic Cloud                 Conjuration/Poison/Air       3
   d - Olgreb's Toxic Radiance        Poison                       4
   e - Venom Bolt                     Conjuration/Poison           5
Comestibles
 c - 2 bread rations
 m - a slice of pizza
 o - a beef jerky


   Skills:
 + Level 0.6 Fighting
 + Level 0.3 Maces & Flails
 + Level 3.1 Dodging
 + Level 2.1 Stealth
 + Level 2.2 Spellcasting
 + Level 0.4 Conjurations
 + Level 4.7 Poison Magic


You had one spell level left.
You knew the following spells:

 Your Spells              Type           Power        Failure   Level  Hunger
a - Sting                 Conj/Pois      ##..         8%          1    #......
b - Cure Poison           Pois           ###.......   4%          2    ##.....
c - Mephitic Cloud        Conj/Pois/Air  #.......     30%         3    ###....


Dungeon Overview and Level Annotations

Branches:
Dungeon (4/15)
 Temple: D:4-7

Altars:
Cheibriados
Trog

Annotations:
D:3 Sagrath01's ghost, amateur GrGl
D:4 Menkaure


Innate Abilities, Weirdness & Mutations

You regenerate a little health from kills.
When hurt, damage is shared between your health and your magic reserves.


Message History

You closely miss the orc.
The orc is moderately wounded.
The orc zaps a wand.
You resist with some effort. The orc closely misses you.
You closely miss the orc.
The orc is moderately wounded.
The orc hits you.
The orc zaps a wand.
You feel yourself slow down. Sagrath01's ghost hits you.
You feel less regenerative.
The orc zaps a wand.
You resist with some effort. Sagrath01's ghost hits you!
Sagrath01's ghost hits you but does no damage.
Sagrath01's ghost barely misses you. Sagrath01's ghost hits you.
Drink which item? (? for menu, Esc to quit)
Okay, then.
Sagrath01's ghost hits you!
* * * LOW HITPOINT WARNING * * *
Read which item? (? for menu, Esc to quit)
As you read the scroll of teleportation, it crumbles to dust.
You feel strangely unstable. Sagrath01's ghost hits you!
You die...

*,* *,,,+........ *,*
*,,*#........ **********,*
*,,*#.....).. *,,,,,,,,,,*
****####.....
**,************,,,,.#.....
*,*,,,,,,,,,,*,,_..#.....
*,**,,,#######,,,.[#.....
*,**,,,#.....#,,...#.....
*,,,,,,#@###.###'########
*****,,#W#.#.#.)..#.# #
*,,#o..#.#.##.#.####
#..###.#......#....#
#......†(#.#..#....##
#.####.#.#.#..#...(.. *<*
#.#.#.#,.#...... *,*
#.#.#.#,.#...... *,*
#.#.#.#,,#......


You could see Sagrath01's ghost and an orc.

Vanquished Creatures
  A gnoll (D:3)
  4 adders
  An ooze (D:3)
  3 worms
  A giant gecko (D:2)
  8 bats
  A giant cockroach (D:2)
  3 goblins
  4 hobgoblins
  7 jackals
  2 quokkas (D:2)
  3 giant newts
  8 kobolds
  2 rats
48 creatures vanquished.

Notes
Turn   | Place    | Note
--------------------------------------------------------------
     0 | D:1      | Freeplumber the Demonspawn Venom Mage began the quest for the Orb.
     0 | D:1      | Reached XP level 1. HP: 13/13 MP: 3/3
   272 | D:1      | Gained mutation: You regenerate a little health from kills. [demonic ancestry]
   272 | D:1      | Reached XP level 2. HP: 17/19 MP: 3/5
   276 | D:1      | Learned a level 2 spell: Cure Poison
   791 | D:2      | Reached XP level 3. HP: 20/25 MP: 3/6
   941 | D:2      | Learned a level 3 spell: Mephitic Cloud
  1034 | D:2      | Found a bloodstained altar of Trog.
  1117 | D:2      | Gained mutation: When hurt, damage is shared between your health and your magic reserves. [demonic ancestry]
  1117 | D:2      | Reached XP level 4. HP: 27/31 MP: 2/7
  1219 | D:2      | You fall through a shaft for 2 floors!
  1219 | D:4      | Noticed Menkaure
  1334 | D:3      | Found a faded altar to an unknown god.
  1356 | D:3      | Became a worshipper of Cheibriados the Contemplative
  1356 | D:3      | Reached * piety under Cheibriados
  1473 | D:3      | Noticed Sagrath01's ghost (amateur GrGl)
  1590 | D:3      | Slain by Sagrath01's ghost

Skill      XL: |  1  2  3  4 |
---------------+-------------+-----
Dodging        | 2 3 |  3.1
Stealth        | 2 |  2.1
Fighting       | |  0.6
Maces & Flails | |  0.3
Spellcasting   | |  2.2
Conjurations   | |  0.4
Poison Magic   | |  4.7

Action                   |  1- 3 |  4- 6 || total
-------------------------+-------+-------++-------
Melee: Dagger            |    14 |       ||    14
       Club              |   113 |    57 ||   170
 Cast: Sting             |    26 |    13 ||    39
       Cure Poison       |     1 |       ||     1
       Mephitic Cloud    |       |     2 ||     2
  Use: Scroll            |     7 |     4 ||    11
       Potion            |     3 |     3 ||     6
 Stab: Sleeping          |     5 |       ||     5
  Eat: Chunk             |     1 |     2 ||     3
Armor: Robe              |    51 |    29 ||    80
Dodge: Dodged            |   177 |    83 ||   260
